Map: Jagannatha LE

Players

Neeb - Winner!

  • Race: Protoss Protoss
  • Spawn Location: 1:00

TYTY (TY)

  • Race: Terran Terran
  • Spawn Location: 7:00

Event: DreamHack SC2 Masters 2020 Winter

VOD

Have the link to the VOD?

Description

Time

  • Played on: Nov. 14, 2020, 8:26 a.m.
  • Length: 20:18

All games in this series

Show
View Real Time Build Order
Export as new Build Order

Neeb Protoss - Winner!

Build Orders: 1 Gate Expand, Phoenix Opening, Carriers 

Get SALT Encoding   

  12  0:00  Probe  
  13  0:12  Probe  
  14  0:17  Pylon  
  14  0:24  Probe  
  15  0:35  Gateway  
  15  0:36  Probe (Chrono Boost)  
  16  0:45  Probe (Chrono Boost)  
  16  0:46  Assimilator  
  17  0:50  Probe (Chrono Boost)  
  18  1:03  Probe  
  19  1:15  Probe  
  20  1:22  Cybernetics Core  
  20  1:27  Probe  
  21  1:35  Nexus  
  21  1:44  Pylon  
  21  1:50  Probe  
  21  1:51  Assimilator  
  22  2:00  Adept (Chrono Boost)  
  22  2:02  Probe  
  22  2:07  Shield Battery  
  25  2:15  Probe  
  26  2:19  Warp Gate  
  26  2:20  Adept (Chrono Boost)  
  28  2:27  Probe  
  29  2:40  Probe (Chrono Boost)  
  30  2:47  Probe (Chrono Boost), Sentry  
  33  2:57  Probe (Chrono Boost)  
  33  2:58  Probe (Chrono Boost)  
  35  3:01  Robotics Facility  
  35  3:03  Probe x2 (Chrono Boost)  
  37  3:08  Shield Battery  
  37  3:14  Probe  
  37  3:15  Probe  
  39  3:23  Phoenix  
  39  3:26  Probe  
  40  3:28  Probe, Nexus  
  40  3:33  Pylon  
  41  3:38  Probe (Chrono Boost)  
  43  3:45  Probe (Chrono Boost)  
  44  3:48  Probe (Chrono Boost)  
  44  3:50  Observer (Chrono Boost)  
  44  3:53  Probe (Chrono Boost)  
  46  3:55  Probe  
  46  3:56  Gateway  
  46  4:00  Pylon  
  47  4:04  Probe  
  47  4:05  Assimilator  
  47  4:08  Immortal (Chrono Boost)  
  52  4:12  Stalker  
  54  4:18  Probe  
  54  4:20  Pylon  
  54  4:22  Probe  
  56  4:30  Probe  
  57  4:31  Assimilator  
  57  4:38  Stalker  
  57  4:41  Probe, Immortal  
  62  4:46  Probe  
  62  4:48  Probe  
  64  4:53  Probe, Stalker  
  64  4:59  Probe (Chrono Boost)  
  61  5:00  Probe (Chrono Boost)  
  61  5:04  Stalker  
  61  5:06  Probe (Chrono Boost)  
  59  5:12  Probe (Chrono Boost)  
  61  5:16  Probe x2 (Chrono Boost), Observer  
  61  5:18  Probe (Chrono Boost)  
  61  5:21  Probe (Chrono Boost)  
  63  5:22  Probe (Chrono Boost)  
  63  5:23  Robotics Bay, Observer  
  63  5:24  Pylon  
  63  5:27  Probe (Chrono Boost)  
  67  5:31  Sentry  
  67  5:32  Sentry  
  73  5:37  Probe (Chrono Boost)  
  73  5:39  Probe (Chrono Boost)  
  73  5:40  Probe (Chrono Boost)  
  73  5:41  Observer  
  74  5:45  Gateway  
  74  5:46  Probe (Chrono Boost), Observer (Chrono Boost)  
  74  5:47  Gateway  
  74  5:48  Probe x2 (Chrono Boost)  
  78  5:51  Forge  
  78  5:54  Forge  
  78  5:56  Probe, Stalker, Sentry  
  83  6:00  Probe  
  83  6:02  Probe  
  85  6:08  Probe, Colossus (Chrono Boost)  
  92  6:12  Probe  
  93  6:19  Shield Battery  
  93  6:21  Protoss Ground Weapons Level 1 (Chrono Boost)  
  93  6:23  Pylon, Protoss Ground Armor Level 1 (Chrono Boost), Assimilator  
  93  6:24  Assimilator  
  93  6:34  Pylon  
  93  6:36  Pylon  
  93  6:39  Extended Thermal Lance  
  93  6:42  Photon Cannon  
  93  6:45  Stalker, Pylon, Zealot  
  93  6:46  Adept  
  99  6:49  Pylon  
  99  6:50  Pylon  
  99  6:52  Pylon, Adept  
  101  6:55  Probe x2  
  98  7:02  Colossus (Chrono Boost)  
  102  7:12  Probe (Chrono Boost)  
  102  7:15  Probe (Chrono Boost)  
  100  7:16  Stalker x3  
  101  7:23  Probe (Chrono Boost)  
  101  7:24  Probe (Chrono Boost)  
  101  7:27  Probe (Chrono Boost), Twilight Council  
  99  7:32  Probe (Chrono Boost)  
  99  7:33  Probe (Chrono Boost)  
  99  7:34  Probe (Chrono Boost)  
  96  7:38  Probe  
  96  7:42  Observer  
  97  7:46  Gateway  
  97  7:48  Gateway  
  97  7:50  Probe, Gateway  
  98  7:52  Sentry x2, Colossus (Chrono Boost)  
  98  7:53  Gateway  
  108  7:59  Zealot x2  
  108  8:01  Observer  
  112  8:09  Nexus  
  112  8:11  Pylon  
  111  8:16  Charge  
  111  8:18  Templar Archives  
  111  8:20  Protoss Ground Weapons Level 2 (Chrono Boost), Protoss Ground Armor Level 2 (Chrono Boost)  
  111  8:23  Pylon  
  111  8:31  Zealot x4  
  119  8:39  Colossus  
  125  8:52  Gateway  
  125  8:53  Gateway  
  125  8:55  Gateway, High Templar x2  
  127  8:56  Zealot x2  
  133  9:03  Archon  
  133  9:09  Zealot x3, Photon Cannon  
  139  9:10  Shield Battery  
  139  9:11  Zealot  
  141  9:23  High Templar x2  
  145  9:29  Archon  
  145  9:31  Zealot x4, High Templar x2  
  147  9:33  Warp Prism  
  147  9:35  Archon  
  159  9:39  Pylon  
  159  9:40  Pylon  
  159  9:42  Pylon  
  159  9:46  Stalker  
  159  9:48  Zealot  
  159  9:49  Probe x4  
  167  9:55  Zealot x5  
  167  9:59  Blink  
  177  10:06  Zealot x2, High Templar x2  
  185  10:09  Pylon  
  185  10:11  Archon  
  179  10:31  Zealot x3  
  179  10:32  Zealot  
  179  10:33  Zealot x5  
  175  10:49  Zealot x2  
  129  10:52  Protoss Ground Armor Level 3 (Chrono Boost)  
  129  10:53  Colossus (Chrono Boost)  
  129  10:56  High Templar  
  129  10:57  Zealot x4, High Templar x3  
  101  10:58  Observer  
  101  10:59  Probe x2, Observer  
  105  11:05  Zealot  
  105  11:06  Zealot x2, Archon  
  105  11:07  Archon  
  105  11:09  Probe x2, Protoss Ground Weapons Level 3 (Chrono Boost)  
  113  11:14  Assimilator x2, Nexus  
  113  11:18  Probe  
  114  11:22  Sentry  
  116  11:25  Zealot  
  116  11:26  Zealot x5  
  116  11:27  Observer  
  116  11:30  Probe x3  
  116  11:31  Colossus (Chrono Boost)  
  116  11:32  Pylon  
  131  11:39  Sentry, Zealot  
  141  11:52  Stalker x3  
  147  11:56  Stalker x4  
  155  12:08  Assimilator  
  155  12:09  Shield Battery  
  155  12:12  Robotics Facility  
  155  12:13  Colossus (Chrono Boost)  
  155  12:14  Assimilator  
  161  12:23  Zealot x5, High Templar x2  
  175  12:30  Photon Cannon  
  175  12:33  Pylon  
  175  12:39  Dark Shrine  
  175  12:48  Photon Cannon  
  175  12:49  Archon  
  173  13:04  Disruptor x2  
  177  13:10  Stargate  
  177  13:16  Cybernetics Core  
  177  13:18  Protoss Shields Level 1 (Chrono Boost), Zealot x3, High Templar x4  
  177  13:19  Zealot x2  
  195  13:20  Protoss Air Weapons Level 1 (Chrono Boost)  
  195  13:22  Photon Cannon  
  195  13:23  Photon Cannon  
  195  13:24  Photon Cannon  
  195  13:25  Archon  
  195  13:26  Archon  
  195  13:29  Photon Cannon  
  195  13:30  Photon Cannon  
  193  13:45  Disruptor x2  
  199  13:53  Photon Cannon  
  199  13:55  Photon Cannon  
  199  13:57  Photon Cannon  
  199  13:59  Fleet Beacon  
  199  14:00  Photon Cannon  
  199  14:02  Protoss Air Armor Level 1 (Chrono Boost), Stargate  
  195  14:03  Stargate  
  195  14:16  Oracle  
  198  14:29  Shadow Stride (Chrono Boost)  
  198  14:48  Photon Cannon  
  198  14:49  Photon Cannon x2  
  198  14:51  Photon Cannon  
  194  14:54  Shield Battery, Carrier (Chrono Boost)  
  198  15:01  Carrier (Chrono Boost)  
  197  15:27  Carrier (Chrono Boost)  
  181  15:33  Protoss Air Weapons Level 2 (Chrono Boost)  
  181  15:35  Disruptor x2  
  190  15:40  Dark Templar  
  190  15:42  Dark Templar  
  195  16:03  Protoss Shields Level 2 (Chrono Boost)  
  193  16:12  Nexus  
  193  16:15  Protoss Air Armor Level 2 (Chrono Boost)  
  193  16:17  Carrier  
  199  16:20  Assimilator  
  199  16:21  Pylon  
  199  16:22  Assimilator  
  189  16:27  Carrier  
  189  16:30  Carrier  
  195  16:41  Photon Cannon  
  195  16:43  Photon Cannon  
  195  16:44  Photon Cannon  
  195  16:46  Photon Cannon  
  193  16:48  Shield Battery  
  193  16:50  Mothership (Chrono Boost), Shield Battery  
  200  17:00  Photon Cannon  
  200  17:01  Photon Cannon  
  200  17:03  Photon Cannon  
  200  17:04  Photon Cannon  
  200  17:06  Shield Battery  
  200  17:08  Shield Battery  
  200  17:10  Pylon  
  194  17:25  Carrier  
  196  18:03  Carrier  
  200  18:09  Photon Cannon  
  200  18:11  Photon Cannon  
  200  18:12  Pylon  
  200  18:13  Gateway  
  200  18:15  Gateway  
  200  18:17  Gateway  
  200  18:19  Gateway  
  200  18:25  Gateway  
  200  18:29  Gateway  
  200  18:34  Gateway  
  193  18:49  Disruptor  
  174  18:57  Disruptor (Chrono Boost)  
  174  19:00  High Templar  
  174  19:01  High Templar x4  
  174  19:02  Zealot x4  
  152  19:03  Zealot x2  
  152  19:07  Carrier (Chrono Boost)  
  152  19:08  Carrier (Chrono Boost), Archon x2  
  153  19:15  High Templar  
  167  19:20  Archon, Disruptor (Chrono Boost)  
  167  19:23  Sentry x2  
  171  19:25  High Templar x3  
  171  19:26  Zealot x5, High Templar  
  171  19:29  Disruptor (Chrono Boost)  
  171  19:30  Archon x2  
  191  19:48  Zealot x6  
  172  20:08  Stalker x6  
  172  20:09  Stalker x2, Zealot x8  
  172  20:10  Zealot  
Show
View Real Time Build Order
Export as new Build Order

TYTY Terran 

Build Orders:  

Get SALT Encoding   

  12  0:00  SCV  
  13  0:12  SCV  
  14  0:17  Supply Depot  
  14  0:24  SCV  
  15  0:39  SCV, Barracks  
  16  0:43  Refinery  
  16  0:51  SCV  
  17  1:03  SCV  
  18  1:15  SCV  
  19  1:26  Marine  
  19  1:27  Orbital Command  
  20  1:43  Command Center  
  20  1:53  Factory  
  20  1:57  SCV  
  20  2:01  Marine  
  22  2:08  Supply Depot  
  22  2:10  SCV  
  23  2:25  Barracks Reactor  
  23  2:30  SCV  
  24  2:38  Hellion  
  24  2:40  Starport  
  24  2:42  SCV  
  26  2:54  SCV  
  27  3:00  Hellion  
  27  3:02  Marine x2  
  32  3:13  SCV  
  32  3:14  Orbital Command  
  32  3:17  Medivac  
  32  3:19  Marine  
  34  3:20  Marine  
  34  3:21  Hellion  
  34  3:25  SCV  
  39  3:32  Supply Depot  
  39  3:37  SCV, Marine x2  
  42  3:41  SCV  
  42  3:42  Hellion  
  45  3:49  SCV  
  45  3:54  Viking, SCV  
  49  3:55  Supply Depot  
  49  3:56  Marine x2  
  49  4:02  SCV, Refinery  
  52  4:10  SCV  
  52  4:14  Supply Depot, Marine  
  52  4:17  Marine  
  54  4:20  Widow Mine  
  54  4:30  SCV x2  
  55  4:32  Marine  
  55  4:34  Marine  
  55  4:42  SCV  
  55  4:44  SCV  
  59  4:47  Starport Tech Lab, Factory Tech Lab  
  59  4:49  Barracks  
  59  4:50  Marine, Barracks  
  59  4:52  Marine  
  57  4:54  SCV  
  57  4:57  SCV  
  57  5:06  SCV  
  56  5:07  Marine  
  56  5:09  SCV  
  56  5:10  Marine  
  56  5:13  Siege Tank  
  55  5:18  SCV  
  57  5:21  SCV  
  57  5:23  Refinery  
  57  5:25  Marine  
  57  5:28  Marine  
  58  5:32  SCV  
  58  5:33  Supply Depot  
  60  5:36  Viking  
  60  5:37  Marine  
  63  5:43  Marine x2  
  63  5:45  Siege Tank  
  63  5:46  Marine  
  63  5:47  Supply Depot, Command Center  
  69  5:55  Combat Shield, Marine  
  70  6:01  Marine  
  73  6:06  Viking, Supply Depot, Marine x2  
  73  6:07  Supply Depot  
  73  6:11  Refinery  
  77  6:13  Marine  
  77  6:14  SCV x2  
  77  6:17  Siege Tank  
  81  6:18  Marine  
  81  6:22  Supply Depot x2  
  81  6:24  Marine  
  83  6:26  SCV  
  83  6:27  SCV  
  85  6:36  Viking  
  85  6:39  SCV x2, Marine  
  90  6:40  Marine x2  
  90  6:46  Supply Depot  
  92  6:49  Siege Tank  
  92  6:51  SCV  
  92  6:54  SCV  
  97  7:00  SCV  
  98  7:06  Viking  
  95  7:11  Marine x2  
  79  7:19  Marine x2  
  79  7:21  Siege Tank  
  79  7:22  Stimpack  
  81  7:25  SCV x2  
  81  7:27  Engineering Bay  
  81  7:28  Engineering Bay  
  82  7:34  Barracks  
  82  7:36  Marine x2  
  75  7:37  SCV  
  75  7:40  SCV, Starport Reactor  
  75  7:42  Orbital Command  
  76  7:44  Marine  
  78  7:54  Siege Tank  
  78  7:55  Marine x2  
  78  7:57  SCV, Terran Infantry Weapons Level 1  
  84  8:00  Terran Infantry Armor Level 1, Barracks Tech Lab  
  84  8:01  Missile Turret  
  84  8:02  Marauder  
  86  8:05  SCV  
  86  8:09  SCV  
  86  8:10  Barracks  
  86  8:11  SCV  
  88  8:13  Marine x2  
  88  8:18  SCV  
  88  8:19  Supply Depot  
  91  8:21  SCV  
  91  8:23  Marine  
  91  8:24  Missile Turret, Barracks Tech Lab  
  91  8:27  Medivac x2  
  95  8:28  SCV, Marine  
  95  8:30  SCV  
  95  8:31  Supply Depot, Marine  
  101  8:35  Siege Tank  
  101  8:37  SCV  
  101  8:38  Marine  
  101  8:39  Refinery  
  106  8:43  Supply Depot  
  106  8:44  Marauder x2  
  106  8:46  SCV x2  
  112  8:50  Marine x2  
  114  8:56  Medivac  
  114  8:57  Marine  
  114  8:58  Refinery  
  114  9:00  Barracks Reactor  
  114  9:01  SCV x3  
  120  9:05  Medivac  
  120  9:07  Supply Depot  
  120  9:09  Marine  
  123  9:11  Marauder x3  
  129  9:18  Marine, Siege Tank  
  133  9:24  Command Center  
  133  9:27  Marine  
  133  9:28  Liberator  
  133  9:30  SCV x3  
  140  9:33  Marine x3  
  140  9:35  Liberator  
  140  9:36  Supply Depot  
  140  9:37  Marine  
  140  9:38  Marine x2  
  148  9:43  Armory  
  149  9:47  Marine  
  149  9:50  SCV  
  149  9:51  Marine  
  149  9:52  Siege Tank  
  156  9:55  Marauder x2  
  156  9:56  Marine x2  
  160  10:02  Armory  
  160  10:07  Marine x2  
  160  10:10  Missile Turret  
  160  10:11  Viking  
  160  10:13  SCV  
  160  10:14  SCV x2  
  165  10:17  Concussive Shells  
  165  10:18  Viking  
  163  10:24  Marine x3  
  163  10:26  Marauder x2, Marine x2, Sensor Tower  
  172  10:31  Barracks  
  172  10:32  Terran Infantry Weapons Level 2, Barracks  
  156  10:46  SCV x2  
  156  10:48  Siege Tank  
  120  10:53  Marauder x2, Marine x4  
  120  10:54  SCV  
  107  10:58  SCV  
  107  10:59  Orbital Command  
  109  11:06  Drilling Claws  
  109  11:10  Marauder  
  109  11:11  Marine x3  
  109  11:14  Terran Infantry Armor Level 2  
  109  11:15  Marauder  
  113  11:20  Barracks Reactor, Barracks Tech Lab  
  113  11:22  Barracks Reactor  
  113  11:23  Siege Tank  
  116  11:26  SCV x3  
  116  11:28  Orbital Command  
  116  11:29  Medivac  
  116  11:30  Marine x2  
  116  11:31  Marine x2  
  125  11:38  SCV, Marauder x2, Missile Turret  
  130  11:41  SCV x2  
  130  11:46  Marauder  
  134  11:47  Medivac  
  134  11:50  SCV  
  138  11:58  Marine x4  
  138  11:59  Marine, Sensor Tower  
  138  12:00  Marine  
  144  12:02  SCV  
  144  12:04  Marauder x2, Marine x2  
  144  12:06  Widow Mine  
  144  12:07  Medivac, Marine  
  154  12:22  SCV x3  
  159  12:23  SCV, Missile Turret  
  159  12:24  Sensor Tower  
  159  12:26  Marauder x3, Marine x3  
  159  12:27  Marine x2  
  171  12:35  Medivac  
  171  12:38  Marine  
  171  12:39  Medivac  
  171  12:42  Widow Mine x2  
  178  12:44  Marine  
  178  12:46  Supply Depot  
  178  12:47  Supply Depot  
  178  12:49  Terran Infantry Weapons Level 3  
  178  12:50  Marine  
  180  12:52  Supply Depot  
  180  12:54  Marine x2  
  180  12:55  Marauder  
  180  12:58  Marauder  
  180  13:00  Marine  
  180  13:01  Marine  
  180  13:06  Marine  
  180  13:08  Marauder, Marine x2  
  180  13:10  Terran Ship Weapons Level 1, Supply Depot  
  180  13:11  Viking x2  
  188  13:15  Refinery  
  188  13:16  Marauder, Refinery  
  188  13:17  Marine  
  188  13:18  Ghost Academy  
  188  13:19  Marauder  
  193  13:26  Marauder, Marine x2  
  197  13:27  Marine  
  197  13:29  Marine x2  
  197  13:34  Supply Depot  
  200  13:35  Missile Turret  
  200  13:38  Terran Infantry Armor Level 3  
  199  13:50  Supply Depot  
  186  14:04  Ghost  
  186  14:05  Ghost x3  
  186  14:06  Viking x2  
  191  14:22  Marine x4  
  191  14:23  Marine x2  
  190  14:34  Marauder x4  
  198  14:38  Viking  
  200  14:53  Command Center  
  190  15:29  Widow Mine x2  
  190  15:30  Medivac x2  
  190  15:32  Marauder x3  
  190  15:34  Terran Ship Weapons Level 2  
  190  15:35  Starport  
  200  15:36  Starport  
  181  15:57  Marauder x2, Marine x6  
  181  16:00  Medivac  
  181  16:04  SCV x4  
  194  16:07  Ghost  
  194  16:08  Ghost  
  195  16:15  Marine x2, Personal Cloaking  
  195  16:17  Ghost Academy  
  195  16:18  Ghost Academy  
  197  16:19  Starport Reactor  
  197  16:24  Ghost  
  199  16:36  Ghost  
  200  16:48  Planetary Fortress  
  200  16:58  Missile Turret, Sensor Tower  
  200  17:02  Nuke  
  200  17:03  Enhanced Shockwaves  
  200  17:07  Refinery  
  199  17:19  Viking  
  197  17:24  Viking  
  197  17:25  Viking x2  
  185  17:37  Marine x2  
  185  17:38  Marine x2  
  185  17:39  Viking x2  
  185  17:41  Nuke  
  188  17:45  Marine x4  
  188  17:49  Viking  
  187  17:54  Viking x2  
  187  17:55  Viking  
  189  18:02  Ghost x2  
  189  18:03  Ghost, Marine x2  
  189  18:04  Marine x4  
  191  18:14  Marine  
  191  18:15  Viking x2  
  191  18:18  Command Center  
  196  18:21  Marine  
  196  18:22  Sensor Tower, Nuke  
  196  18:25  Viking  
  198  18:41  Marine x2  
  196  18:53  Marine x4  
  170  18:56  Viking x3  
  170  18:57  Viking x2  
  170  18:58  Marauder  
  170  18:59  Marauder, Marine x2  
  170  19:02  Ghost x2  
  170  19:04  Viking  
  174  19:15  Marine x4  
  178  19:17  Marine  
  178  19:19  Ghost x2  
  178  19:22  Missile Turret  
  183  19:26  Viking  
  183  19:29  Sensor Tower  
  183  19:31  Ghost x2  
  182  19:47  Ghost  
Tags
 
Add a new tag
Caveats
  • Supply blocks, unpowered buildings, or Contaminate may cause inaccurate times.
  • Supply counts are checked every 10 seconds.